 Dungeon Crawl Stone Soup version 0.21-a0-221-gfe971b9 (webtiles) character file.

15 tidbits the Shooter (level 2, 1/25 HPs)
             Began as a Draconian Wanderer on Aug 26, 2017.
             Quit the game on level 3 of the Dungeon.
             The game lasted 00:02:40 (220 turns).

tidbits the Shooter (Draconian Wanderer)             Turns: 220, Time: 00:02:40

Health: 1/25       AC:  4    Str: 14    XL:     2   Next: 34%
Magic:  3/3        EV: 11    Int: 11    God:
Gold:   0          SH:  0    Dex: 11    Spells: 3/3 levels left

rFire    . . .     SeeInvis .   a - +2 shortbow
rCold    . . .     Gourm    .   (shield currently unavailable)
rNeg     . . .     Faith    .   (armour unavailable)
rPois    .         Spirit   .   (helmet restricted)
rElec    .         Reflect  .   (no cloak)
rCorr    .         Harm     .   (no gloves)
MR       .....                  (no boots)
Stlth    +.........             i - amulet of rage
HPRegen  0.48/turn              (no ring)
MPRegen  0.08/turn              (no ring)

@: lethally poisoned (1 -> 0)
A: unfitting armour, hooves 1, horns 1, mutation resistance 1, regeneration 1,
cold-blooded, AC +4
a: Evoke Berserk Rage


You were on level 3 of the Dungeon.
You were not hungry.

You visited 1 branch of the dungeon, and saw 3 of its levels.

Inventory:

Hand Weapons
 a - a +2 shortbow (weapon)
 e - a +0 dagger
Missiles
 b - 6 arrows (quivered)
Jewellery
 i - an amulet of rage (around neck)
   (You found it on level 2 of the Dungeon)
Scrolls
 c - a scroll of teleportation
 j - a scroll of recharging {unknown}
Potions
 d - 2 potions of lignification
 g - a potion of mutation {!q}
Comestibles
 f - a bread ration
 h - 4 fruits


   Skills:
 + Level 2.6 Fighting
 - Level 3.6 Bows
 - Level 1.7 Stealth
 - Level 1.0 Spellcasting
   Level 1.0 Transmutations
   Level 1.0 Earth Magic


You had 3 spell levels left.
You didn't know any spells.

Dungeon Overview and Level Annotations

Branches:
Dungeon (3/15)

Altars:


Innate Abilities, Weirdness & Mutations

Your plain brown scales are hard. (AC +4)
You cannot fit into any form of body armour.
You are cold-blooded and may be slowed by cold attacks.
You have large cloven feet.
You have a pair of small horns on your head.
You are somewhat resistant to further mutation.
Your natural rate of healing is unusually fast.


Message History

Press: ? - help, Shift-Dir - straight line, f/p - hobgoblin
Aim: a hobgoblin (almost dead)
You shoot an arrow. The arrow hits the hobgoblin.
You kill the hobgoblin!
You open the door.
Found 18 poisoned needles.
A goblin comes into view. It is wielding a club.
The goblin shouts!
The goblin unwields an uncursed club.
The goblin wields a hunting sling.
The goblin shoots a stone.
The stone closely misses you.
An adder comes into view.
You see here a stone.
The adder hisses angrily.
Things that are here:
an arrow; 13 gold pieces; a hobgoblin corpse Firing (i - inventory):
b - 18 arrows (quivered)
Press: ? - help, Shift-Dir - straight line, f - adder
Aim: an adder You shoot an arrow.
The arrow closely misses the adder.
The goblin shoots a stone.
The stone barely misses you.
The goblin shoots a stone.
The stone barely misses you.
You see here a stone.
Firing (i - inventory):
b - 17 arrows (quivered)
Press: ? - help, Shift-Dir - straight line, f - goblin, p - adder
Aim: a goblin, wielding a hunting sling You shoot an arrow.
The arrow completely misses the adder.
The arrow hits the goblin.
You kill the goblin!
Firing (i - inventory):
b - 16 arrows (quivered)
Press: ? - help, Shift-Dir - straight line
Okay, then.
Firing (i - inventory):
b - 16 arrows (quivered)
Press: ? - help, Shift-Dir - straight line, f - adder
Aim: an adder You shoot an arrow.
The arrow closely misses the adder.
The adder barely misses you.
Firing (i - inventory):
b - 15 arrows (quivered)
Press: ? - help, Shift-Dir - straight line, f/p - adder
Aim: an adder You shoot an arrow.
The arrow hits the adder!
The adder is severely wounded.
The adder bites you.
A goblin comes into view. It is wielding a dagger.
Firing (i - inventory):
b - 14 arrows (quivered)
Press: ? - help, Shift-Dir - straight line, f/p - adder
Aim: an adder (severely wounded)
You shoot an arrow. The arrow closely misses the adder.
The goblin shouts!
The adder closely misses you.
Firing (i - inventory):
b - 13 arrows (quivered)
Press: ? - help, Shift-Dir - straight line, f - goblin, p - adder
Aim: a goblin, wielding a dagger You shoot an arrow.
The arrow misses the adder.
The arrow hits the goblin.
The goblin is severely wounded.
The adder completely misses you. The adder bites you.
Firing (i - inventory):
b - 12 arrows (quivered)
Press: ? - help, Shift-Dir - straight line, f/p - goblin
Aim: a goblin, wielding a dagger (severely wounded)
You shoot an arrow. The arrow barely misses the adder.
The arrow hits the goblin.
You kill the goblin!
The adder bites you but does no damage.
Firing (i - inventory):
b - 11 arrows (quivered)
Press: ? - help, Shift-Dir - straight line, f - adder
Aim: an adder (severely wounded)
You shoot an arrow. The arrow misses the adder.
The adder bites you but does no damage. The adder bites you.
You are poisoned.
The adder poisons you!
Firing (i - inventory):
b - 10 arrows (quivered)
Press: ? - help, Shift-Dir - straight line, f/p - adder
Aim: an adder (severely wounded)
You shoot an arrow. The arrow closely misses the adder.
You feel sick. The adder bites you.
* * * LOW HITPOINT WARNING * * *
Firing (i - inventory):
b - 9 arrows (quivered)
Press: ? - help, Shift-Dir - straight line, f/p - adder
Aim: an adder (severely wounded)
You shoot an arrow. The arrow closely misses the adder.
You feel sick. The adder bites you.
* * * LOW HITPOINT WARNING * * *
You are more poisoned.
The adder poisons you! The adder closely misses you.
Firing (i - inventory):
b - 8 arrows (quivered)
Press: ? - help, Shift-Dir - straight line, f/p - adder
Aim: an adder (severely wounded)
You shoot an arrow. The arrow misses the adder.
The adder bites you.
* * * LOW HITPOINT WARNING * * *
It was a potion of mutation.
You feel extremely strange. A pair of horns grows on your head!
Your feet thicken and deform.
You begin to heal more quickly.
You feel genetically stable.
You feel sick. The adder barely misses you. The adder bites you.
* * * LOW HITPOINT WARNING * * *
Firing (i - inventory):
b - 7 arrows (quivered)
Press: ? - help, Shift-Dir - straight line, f/p - adder
Aim: an adder (severely wounded)
You shoot an arrow. The arrow barely misses the adder.
* * * LOW HITPOINT WARNING * * *
You feel sick. The adder closely misses you.
Are you sure you want to abandon this character and quit the game? (Confirm with "yes".)

### # ..(. .#
....########.##
...(..........
............#
#....(.....# #
#....((....# .##
#.....S....##..#
#.....(@.......#
#...........#..
#...........#
#...........#
########'##.###
#...<..#
#.##.......#
#.######.>.. ...
..#


You could see an adder.

Vanquished Creatures
  A dart slug (D:1)
  A leopard gecko (D:2)
  2 goblins (D:3)
  A hobgoblin (D:3)
  A bat (D:2)
  3 frilled lizards (D:1)
  A kobold (D:1)
  4 rats
14 creatures vanquished.

Notes
Turn   | Place    | Note
-------+----------+-------------------------------------------
     0 | D:1      | tidbits the Draconian Wanderer began the quest for the Orb.
     0 | D:1      | tidbits set off with: a +2 shortbow, 24 arrows, a scroll of teleportation, a potion of lignification, a +0 dagger, a bread ration
     0 | D:1      | Reached XP level 1. HP: 16/16 MP: 2/2
    61 | D:1      | Reached skill level 2 in Fighting
   145 | D:2      | Reached XP level 2. HP: 24/24 MP: 3/3
   218 | D:3      | Gained mutation: You have a pair of small horns on your head. [potion of mutation]
   218 | D:3      | Gained mutation: You have large cloven feet. [potion of mutation]
   218 | D:3      | Gained mutation: Your natural rate of healing is unusually fast. [potion of mutation]
   218 | D:3      | Gained mutation: You are somewhat resistant to further mutation. [potion of mutation]
   218 | D:3      | HP: 2/25 [adder (1)]
   220 | D:3      | Quit the game

Vault maps used:
D:1:      ldierk_walled_garden_2
D:3:      uniq_natasha, uniq_grinder

Skill      XL: |  1 |
---------------+----+-----
Fighting       | 2 |  2.6
Bows           | |  3.6
Stealth        | |  1.7
Spellcasting   | |  1.0
Transmutations | |  1.0
Earth Magic    | |  1.0

Action                   || total
-------------------------++-------
 Fire: Shortbow          ||    36
  Use: Potion            ||     1
Armor: Skin              ||     4
Dodge: Dodged            ||    11

Table legend:
 A = Spawn XP
 B = Non-spawn XP
 C = Spawn XP percentage of total XP
 D = Spawn monster count
 E = Non-spawn monster count
 F = Spawn count percentage of total count
 G = Total turns spent on level
                    A         B        C        D         E        F      G
               +---------+---------+-------+---------+---------+-------+---------
         Total |       0 |      22 |   0.0 |       0 |      14 |   0.0 |   220
               +---------+---------+-------+---------+---------+-------+---------
           D:1 |       0 |       9 |   0.0 |       0 |       6 |   0.0 |   109
           D:2 |       0 |       7 |   0.0 |       0 |       5 |   0.0 |    85
           D:3 |       0 |       6 |   0.0 |       0 |       3 |   0.0 |    26
               +---------+---------+-------+---------+---------+-------+---------

Table legend:
 A = Turns spent in this place as a percentage of turns spent in the entire game.
 B = Non-inter-level travel turns spent in this place as a percentage of non-inter-level travel turns spent in the entire game.
 C = Inter-level travel turns spent in this place as a percentage of turns spent in this place.
 D = Turns resting spent in this place as a percentage of non-inter-level travel turns spent in this place.
 E = Turns spent auto-exploring this place as a percentage of non-inter-level travel turns spent in this place.
 F = Non-inter-level travel turns spent in this place divided by the number of levels of this place that you've seen.
                   A       B       C       D       E      F
               +-------+-------+-------+-------+-------+----------------------
         Total | 100.0 | 100.0 |   0.0 |   0.0 |   0.0 |  73.3
       Dungeon | 100.0 | 100.0 |   0.0 |   0.0 |   0.0 |  73.3
               +-------+-------+-------+-------+-------+----------------------

Table legend:
 A = Kills in this place as a percentage of kills in entire the game.
 B = Kills by you in this place as a percentage of kills by you in the entire game.
 C = Kills by friends in this place as a percentage of kills by friends in the entire game.
 D = Other kills in this place as a percentage of other kills in the entire game.
 E = Experience gained in this place as a percentage of experience gained in the entire game.
 F = Experience gained in this place divided by the number of levels of this place that you have seen.
                   A       B       C       D       E      F
               +-------+-------+-------+-------+-------+----------------------
         Total | 100.0 | 100.0 |   N/A |   N/A | 100.0 |   7.3
       Dungeon | 100.0 | 100.0 |   N/A |   N/A | 100.0 |   7.3
               +-------+-------+-------+-------+-------+----------------------

Vault maps used:
D:1:      ldierk_walled_garden_2
D:3:      uniq_natasha, uniq_grinder
